 Dungeon Crawl Stone Soup version 0.30-a0-748-ge6a52f7cba (webtiles) character file.

Game seed: 14428248129449309003

662 Dittersdorf the Trooper (level 7, 0/44 HPs)
             Began as a Gargoyle Fighter on Feb 8, 2023.
             Was an Initiate of Okawaru.
             Killed from afar by an orc wizard (4 damage)
             ... with a puff of flame
             ... on level 5 of the Dungeon.
             The game lasted 00:05:34 (3098 turns).

Dittersdorf the Trooper (Gargoyle Fighter)          Turns: 3098, Time: 00:05:34

Health: 0/44       AC: 15    Str: 27    XL:     7   Next: 56%
Magic:  7/7        EV: 10    Int:  9    God:    Okawaru [......]
Gold:   162        SH:  5    Dex:  9    Spells: 6/6 levels left

rFire   + . .      SeeInvis .    z - +3 flail (heavy)
rCold   + . .      Faith    .    c - +0 buckler
rNeg    + . .      Spirit   .    m - +2 ring mail {rC+}
rPois   ∞          Reflect  .    b - +0 helmet
rElec   +          Harm     .    (no cloak)
rCorr   .          Rampage  .    u - +0 pair of gloves
Will    .....                    (no boots) Stlth
                                 (no amulet)
HPRegen 0.27/turn                w - ring of protection from fire
MPRegen 0.10/turn                p - +6 ring of strength

@: no status effects
A: sickness immunity, AC +4, negative energy resistance 1, electricity
resistance, torment resistance 1, petrification resistance
a: Renounce Religion


You were on level 5 of the Dungeon.
You worshipped Okawaru.
Okawaru was noncommittal.
You visited 2 branches of the dungeon, and saw 6 of its levels.

You collected 162 gold pieces.

Inventory:

Hand Weapons
 z - a +3 heavy flail (weapon)
Missiles
 i - a poisoned dart (quivered)
Armour
 b - a +0 helmet (worn)
 c - a +0 buckler (worn)
 m - a +2 ring mail of cold resistance (worn)
 u - a +0 pair of gloves (worn)
Jewellery
 p - a +6 ring of strength (right hand)
 w - a ring of protection from fire (left hand)
Scrolls
 a - 3 scrolls of teleportation
 n - a scroll of blinking
Potions
 d - 2 potions of might
 e - a potion of brilliance
 f - 6 potions of curing {unknown}
 g - a potion of resistance {unknown}
 h - a potion of lignification {unknown}
 j - 2 potions of haste {unknown}
 l - 3 potions of heal wounds {unknown}
 s - 2 potions of flight {unknown}
 t - a potion of mutation {unknown}
 x - a potion of invisibility {unknown}


   Skills:
 + Level 5.4 Fighting
 + Level 4.4 Maces & Flails
 + Level 5.4 Armour
 + Level 5.4 Shields


You had 6 spell levels left.
You didn't know any spells.
Your spell library contained the following spells:

 Spells                   Type           Power      Damage    Failure   Level
 Sandblast                Erth           0%         2d4       58%         1
 Blink                    Tloc           0%         N/A       75%         2
 Lesser Beckoning         Tloc           0%         N/A       75%         2
 Momentum Strike          Conj/Tloc      0%         3d8       75%         2
 Passwall                 Tmut/Erth      0%         N/A       75%         2
 Dazzling Flash           Conj/Hex       0%         N/A       92%         3
 Gell's Gravitas          Tloc           0%         N/A       92%         3
 Ozocubu's Armour         Ice            0%         N/A       92%         3
 Portal Projectile        Hex/Tloc       0%         N/A       92%         3
 Stone Arrow              Conj/Erth      0%         3d7       92%         3
 Teleport Other           Tloc           0%         N/A       92%         3
 Agony                    Necr           0%         N/A       100%        5
 Blade Hands              Tmut           0%         N/A       100%        5
 Metabolic Englaciation   Hex/Ice        0%         N/A       100%        5
 Silence                  Hex/Air        0%         N/A       100%        5
 Chain Lightning          Conj/Air       0%         N/A       100%        9
 Fire Storm               Conj/Fire      0%         5d1       100%        9
 Shatter                  Erth           0%         3d5*      100%        9
 Tukima's Dance           Hex            Unusable   N/A       N/A         3
 Simulacrum               Ice/Necr       Unusable   N/A       N/A         6

Dungeon Overview and Level Annotations

Branches:
Dungeon (5/15)             Temple (1/1) D:4

Altars:
Ashenzari
Dithmenos
Elyvilon
Fedhas
Gozag
Nemelex Xobeh
Okawaru
Qazlal
Uskayaw
Xom


Innate Abilities, Weirdness & Mutations

You are immune to sickness and miasma.
Your stone body is resilient. (AC +4)
You are immune to poison.
You resist negative energy. (rN+)
You are resistant to electric shocks. (rElec)
You are resistant to unholy torment.
You are immune to petrification.


Message History

You kill the ogre!
Okawaru accepts your kill.
The orc wizard gestures at you while chanting.
You are confused.
You bump into the rock wall.
You miss the orc wizard.
The orc wizard hits you but does no damage.
You're too confused to move!
The orc wizard barely misses you.
You bump into the rock wall.
The orc wizard barely misses you.
You're too confused to move!
You feel less confused. The orc wizard closely misses you.
You closely miss the orc wizard.
The orc wizard gestures at you while chanting.
You are confused.
The orc wizard barely misses you.
You barely miss the orc wizard.
The orc wizard hits you but does no damage.
The orc wizard misses you.
You barely miss the orc wizard. The orc wizard casts a spell at you.
The magic dart hits you.
* * * LOW HITPOINT WARNING * * *
The orc wizard barely misses you.
You bump into the rock wall.
The orc wizard casts a spell at you. You resist with some effort.
You miss the orc wizard.
You feel less confused. The orc wizard closely misses you.
The orc wizard hits you but does no damage.
You closely miss the orc wizard. You block the orc wizard's attack.
The orc wizard casts a spell.
The orc wizard flickers and vanishes!
Deactivating autopickup; reactivate with Ctrl-A.
You hit something but do no damage.
You hear some strange, mumbled words.
A puff of flame appears from out of thin air!
The puff of flame hits you. You resist.
You die...

####.......#
#<##.......#
#.##.......#
#.##.......#
#.##.......#
#.##.......#
#..†.......#
..##.####.......#
#..(.o{@'.......#
####.####.......#
#########


You could see an orc.

Vanquished Creatures
  Sigmund (D:2)
  A black bear (D:5)
  3 ogres
  A hound (D:4)
  An orc priest (D:3)
  2 adders
  A white imp (D:5)
  A dart slug (D:1)
  4 orcs (D:3)
  5 ball pythons
  2 bats
  2 endoplasms (D:2)
  5 giant cockroaches
  6 goblins
  8 hobgoblins
  10 jackals
  3 quokkas
  3 frilled lizards (D:1)
  9 kobolds
  5 rats
73 creatures vanquished.

Notes
Turn   | Place    | Note
-------+----------+-------------------------------------------
     0 | D:1      | Dittersdorf the Gargoyle Fighter began the quest for the
                  | Orb.
     0 | D:1      | Reached XP level 1. HP: 14/14 MP: 1/1
    93 | D:1      | Reached XP level 2. HP: 15/19 MP: 2/2
   410 | D:1      | Reached XP level 3. HP: 21/23 MP: 3/3
   722 | D:2      | Noticed Sigmund
   928 | D:2      | Killed Sigmund
   929 | D:2      | Reached XP level 4. HP: 30/30 MP: 4/4
   929 | D:2      | Reached XP level 5. HP: 34/34 MP: 5/5
   946 | D:2      | Identified the +7 hand axe "Inunlet" {heavy, MP+9 Int+2
                  | Dex+4}
  1468 | D:3      | Reached XP level 6. HP: 39/39 MP: 6/6
  1688 | D:3      | Found a shadowy altar of Dithmenos.
  2126 | D:3      | Found an opulent altar of Gozag.
  2126 | D:3      | Found a sparkling altar of Nemelex Xobeh.
  2768 | D:4      | Found a hide-covered altar of Uskayaw.
  2817 | D:4      | Found a staircase to the Ecumenical Temple.
  2824 | Temple   | Entered the Ecumenical Temple
  2857 | Temple   | Became a worshipper of Warmaster Okawaru
  2889 | D:4      | Reached skill level 5 in Fighting
  2889 | D:4      | Reached skill level 5 in Armour
  2889 | D:4      | Reached skill level 5 in Shields
  2889 | D:4      | Reached XP level 7. HP: 37/44 MP: 7/7
  3041 | D:5      | Entered Level 5 of the Dungeon
  3085 | D:5      | HP: 2/44 [ogre/+0 giant club (14)]
  3094 | D:5      | HP: 2/44 [orc wizard/magic dart (3)]
  3098 | D:5      | Killed from afar by an orc wizard

Illustrated notes

Levels and vault maps discovered:
D:1:      minmay_arrival_solitary_statue, layout_loops_ring
D:2:      layout_rooms, uniq_sigmund
D:3:      layout_basic, grunt_temple_overflow_opulence,
          mainiacjoe_overflow_alcove_2
D:4:      layout_loops_ring, eat_drink_and_be_merry_uskayaw,
          minmay_temple_entry_arrows
D:5:      gammafunk_steamed_eel, layout_basic
Temple:   oiseaux_autumnal_temple

Skill      XL: |  1  2  3  4  5  6 |
---------------+-------------------+-----
Fighting       | 4 5 |  5.4
Maces & Flails | 3 4 |  4.4
Armour         | 4 5 |  5.4
Shields        | 4 5 |  5.4

Action                     |  1- 3 |  4- 6 |  7- 9 || total
---------------------------+-------+-------+-------++-------
  Melee: Flail             |   104 |   130 |    17 ||   251
  Throw: Dart              |     5 |       |     4 ||     9
    Use: Scroll            |       |     8 |       ||     8
 Armour: Scale mail        |    58 |       |       ||    58
         Ring mail         |       |    80 |     8 ||    88
  Dodge: Dodged            |    46 |    91 |    18 ||   155
  Block: Buckler           |    28 |    37 |     2 ||    67

Table legend: (Time is in decaauts)
 A = Elapsed time spent in this place.
 B = Non-inter-level travel time spent in this place.
 C = Inter-level travel time spent in this place.
 D = Time resting spent in this place.
 E = Time spent auto-exploring this place.
 F = Levels seen in this place.
 G = Mean time per level.
                   A        B        C        D        E       F      G
               +--------+--------+--------+--------+--------+-----+--------+
         Total |   3199 |   2995 |    204 |    144 |   2129 |   6 |  533.2 |
       Dungeon |   3147 |   2967 |    180 |    144 |   2108 |   5 |  629.4 |
        Temple |     51 |     27 |     24 |      0 |     21 |   1 |   51.0 |
               +--------+--------+--------+--------+--------+-----+--------+

Top non-repeatable levels by time:
     D:1: 851 daAuts
     D:3: 832 daAuts
     D:4: 733 daAuts
     D:2: 660 daAuts
     D:5: 69 daAuts
  Temple: 51 daAuts
